 Dungeon Crawl Stone Soup version 0.25-a0-589-g1e14c549ee (webtiles) character file.

Game seed: 14471582531833787091, levelgen mode: deterministic

4124 Emblim88 the Blocker (level 10, -1/81 HPs)
             Began as a Gnoll Fighter on Mar 11, 2020.
             Killed from afar by an electric eel (17 damage)
             ... with a bolt of electricity
             ... on level 7 of the Dungeon.
             The game lasted 00:12:59 (7041 turns).

Emblim88 the Blocker (Gnoll Fighter)                Turns: 7041, Time: 00:12:59

Health: -1/81      AC: 15    Str: 22    XL:     10   Next: 27%
Magic:  17/17      EV:  8    Int: 10    God:
Gold:   329        SH: 11    Dex: 15    Spells: 19/19 levels left

rFire    . . .     SeeInvis .   p - +4 mace (protect)
rCold    . . .     Gourm    .   c - +0 kite shield
rNeg     . . .     Faith    .   k - +0 plate armour
rPois    .         Spirit   .   (no helmet)
rElec    .         Reflect  .   (no cloak)
rCorr    .         Harm     .   q - +0 pair of gloves (curse)
MR       .....                  (no boots)
Stlth    ..........             (no amulet)
HPRegen  0.23/turn              v - ring of stealth
MPRegen  0.15/turn              (no ring)

@: no status effects
A: distributed training, fangs 1, strong nose
a: no special abilities


You were on level 7 of the Dungeon.
You were hungry.

You visited 1 branch of the dungeon, and saw 8 of its levels.
You also visited: Ossuary.

You collected 377 gold pieces.
You spent 48 gold pieces at shops.

Inventory:

Hand Weapons
 p - a +4 mace of protection (weapon)
Missiles
 h - 228 stones
 l - 5 boomerangs (quivered)
 n - 21 poisoned darts
 s - a throwing net
 x - 7 silver javelins
Armour
 c - a +0 kite shield (worn)
 k - a +0 plate armour (worn)
 q - a cursed +0 pair of gloves (worn)
Jewellery
 v - a ring of stealth (left hand)
Wands
 y - a wand of enslavement (16)
 C - a wand of acid (6)
Scrolls
 b - 3 scrolls of remove curse
 d - a scroll of magic mapping {unknown}
 g - 3 scrolls of enchant armour
 o - a scroll of identify
 u - a scroll of noise {unknown}
 w - a scroll of enchant weapon
 D - a scroll of teleportation
Potions
 a - a potion of mutation {unknown}
 e - 2 potions of ambrosia {unknown}
 i - a potion of flight {unknown}
 j - 2 potions of degeneration {unknown}
 m - 5 potions of curing
 t - 5 potions of berserk rage {unknown}
 z - 2 potions of cancellation {unknown}
 A - a potion of invisibility {unknown}
 E - 2 potions of resistance {unknown}
 F - a potion of lignification {unknown}
 G - a potion of heal wounds
 H - a potion of haste {unknown}
 I - 3 potions of brilliance {unknown}
Comestibles
 f - 13 rations


   Skills:
 + Level 8.3 Fighting
 + Level 5.0 Short Blades
 + Level 5.0 Long Blades
 + Level 5.0 Axes
 + Level 5.0 Maces & Flails
 + Level 6.9 Polearms
 + Level 5.0 Staves
 + Level 5.0 Slings
 + Level 5.0 Bows
 + Level 5.0 Crossbows
 + Level 5.0 Throwing
 + Level 8.3 Armour
 + Level 5.0 Dodging
 + Level 5.0 Stealth
 + Level 8.3 Shields
 + Level 5.0 Unarmed Combat
 + Level 5.0 Spellcasting
 + Level 4.1 Conjurations
 + Level 4.1 Hexes
 + Level 4.1 Charms
 + Level 4.1 Summonings
 + Level 4.1 Necromancy
 + Level 4.1 Translocations
 + Level 4.1 Transmutations
 + Level 4.1 Fire Magic
 + Level 4.1 Ice Magic
 + Level 4.1 Air Magic
 + Level 4.1 Earth Magic
 + Level 4.1 Poison Magic
 + Level 5.5 Invocations
 + Level 5.0 Evocations


You had 19 spell levels left.
You didn't know any spells.
Your spell library contained the following spells:

 Spells                   Type           Power        Failure   Level  Hunger
 Animate Skeleton         Necr           N/A          83%         1    None
 Apportation              Tloc           ##....       83%         1    None
 Corona                   Hex            ##.....      83%         1    None
 Pain                     Necr           ##..         83%         1    None
 Summon Small Mammal      Summ           ##..         83%         1    None
 Vampiric Draining        Necr           ##........   99%         3    ###....
 Animate Dead             Necr           N/A          100%        4    ####...
 Cause Fear               Hex            ##........   100%        4    ####...
 Agony                    Necr           ##......     100%        5    ######.
 Silence                  Hex/Air        ##........   100%        5    ######.
 Yara's Violent Unravell  Hex/Tmut       ##........   100%        5    ######.
 Deflect Missiles         Chrm/Air       ##........   100%        6    #######
 Discord                  Hex            ##........   100%        8    #######


Dungeon Overview and Level Annotations

Branches:
Dungeon (8/15)            Ossuary (visited)
 Temple: D:4-7         Lair: D:8-11

Altars:
Cheibriados
Sif Muna
Xom

Shops:
D:4 ?

Annotations:
D:8 Gastronok


Innate Abilities, Weirdness & Mutations

Your experience applies equally to all skills.
You have very sharp teeth.
Your uncanny sense of smell can sniff out nearby items.


Message History

You sock the electric eel!
You kill the electric eel!
You hear a splash.
You thump the electric eel!
The electric eel is heavily wounded.
An electric eel comes into view.
You sock the electric eel!
You kill the electric eel!
You hear a splash.
You start resting.
The electric eel is too close now for your liking.
The electric eel shoots out a bolt of lightning at you!
The bolt of electricity hits the electric eel.
The electric eel completely resists.
The bolt of electricity hits you!
* * * LOW HITPOINT WARNING * * *
Your shield and plate armour prevent you from hitting the electric eel.
The electric eel shoots out a bolt of lightning at you!
The bolt of electricity hits the electric eel.
The electric eel completely resists.
The bolt of electricity hits you!
You die...

♣♣♣♣♣♣ ### ####.. #########
#..#>. #.......# #.....
#.......###.....
#.[.....#......# #############
#.......#.#.^..#
............#####.......#.#.##.#
≈♣≈≈≈≈≈≈≈....@............#<..
♣♣♣♣≈♣♣♣P≈♣;##.......#.#.##.#
♣;P≈≈≈P≈≈P≈♣♣♣≈≈#.........#.#...
♣≈P♣≈≈≈≈≈≈≈≈≈≈≈♣♣≈......###.#..#
≈≈≈≈≈≈≈≈≈≈≈P≈≈≈P≈.....# #.#..#
≈≈≈≈≈≈≈≈≈≈≈;≈P≈♣P≈♣♣..).# #.#..#
≈≈≈≈;≈≈≈≈≈≈≈≈≈≈≈≈≈≈≈≈#### #.#..#
≈≈≈≈≈≈≈≈≈≈≈≈≈≈≈≈≈≈≈♣≈######.#..#
≈≈≈≈≈≈≈≈≈≈≈≈≈≈≈≈≈≈≈♣≈.......#..#


You could see 2 electric eels.

Vanquished Creatures
  Joseph (D:8)
  2 hippogriffs
  Sigmund (D:6)
  A spriggan (D:7)
  A hungry ghost (D:8)
  An orc warrior (D:4)
  A water moccasin (D:8)
  An ice beast (D:7)
  2 phantoms
  2 ogres (D:6)
  A centaur (D:8)
  A bullfrog (D:7)
  4 water moccasin zombies (Ossuary)
  2 scorpions
  9 killer bees
  2 electric eels (D:7)
  3 howler monkeys (D:8)
  A centaur zombie (D:7)
  4 crimson imps (D:7)
  A quasit (D:7)
  3 hounds
  4 orc priests
  2 centaur skeletons
  A bullfrog skeleton (D:7)
  4 worker ants
  Natasha (thrice) (D:2)
  An iguana (D:4)
  6 orc wizards
  3 big kobold zombies (Ossuary)
  A hound skeleton (D:7)
  3 mummies
  3 worker ant zombies
  10 gnolls
  5 adders
  2 oozes
  2 adder zombies (Ossuary)
  A worm (D:4)
  2 dart slugs
  3 leopard geckos
  30 orcs
  4 ball pythons
  11 giant cockroaches
  9 hobgoblins
  8 jackals
  9 kobolds
  4 quokkas
  8 bats
  8 frilled lizards
  3 gnoll zombies (Ossuary)
  7 goblins
  6 hobgoblin zombies (Ossuary)
  A jackal zombie (D:6)
  12 kobold zombies (Ossuary)
  A leopard gecko zombie (D:5)
  6 orc zombies (Ossuary)
  A quokka skeleton (D:8)
  8 rats
236 creatures vanquished.

Vanquished Creatures (others)
  A sky beast (D:8)
  A plant (D:7)
2 creatures vanquished.

Grand Total: 238 creatures vanquished

Notes
Turn   | Place    | Note
-------+----------+-------------------------------------------
     0 | D:1      | Emblim88 the Gnoll Fighter began the quest for the Orb.
     0 | D:1      | Reached XP level 1. HP: 23/23 MP: 1/1
   102 | D:1      | Reached XP level 2. HP: 29/29 MP: 2/2
   173 | D:1      | Reached XP level 3. HP: 35/35 MP: 3/3
   673 | D:1      | Reached skill level 1 in Invocations
  1001 | D:2      | Reached skill level 1 in Short Blades
  1001 | D:2      | Reached skill level 1 in Long Blades
  1001 | D:2      | Reached skill level 1 in Axes
  1001 | D:2      | Reached skill level 1 in Maces & Flails
  1001 | D:2      | Reached skill level 1 in Staves
  1001 | D:2      | Reached skill level 1 in Slings
  1001 | D:2      | Reached skill level 1 in Bows
  1001 | D:2      | Reached skill level 1 in Crossbows
  1001 | D:2      | Reached skill level 1 in Throwing
  1001 | D:2      | Reached skill level 1 in Dodging
  1001 | D:2      | Reached skill level 1 in Stealth
  1001 | D:2      | Reached skill level 1 in Unarmed Combat
  1001 | D:2      | Reached skill level 1 in Spellcasting
  1001 | D:2      | Reached skill level 1 in Evocations
  1005 | D:2      | Reached XP level 4. HP: 41/41 MP: 5/5
  1310 | D:2      | Noticed Natasha
  1319 | D:2      | Killed Natasha
  1319 | D:2      | Reached skill level 1 in Conjurations
  1319 | D:2      | Reached skill level 1 in Hexes
  1319 | D:2      | Reached skill level 1 in Charms
  1319 | D:2      | Reached skill level 1 in Summonings
  1319 | D:2      | Reached skill level 1 in Necromancy
  1319 | D:2      | Reached skill level 1 in Translocations
  1319 | D:2      | Reached skill level 1 in Transmutations
  1319 | D:2      | Reached skill level 1 in Fire Magic
  1319 | D:2      | Reached skill level 1 in Ice Magic
  1319 | D:2      | Reached skill level 1 in Air Magic
  1319 | D:2      | Reached skill level 1 in Earth Magic
  1319 | D:2      | Reached skill level 1 in Poison Magic
  1347 | D:2      | Noticed Natasha
  1355 | D:2      | Killed Natasha
  1355 | D:2      | Reached XP level 5. HP: 47/47 MP: 5/7
  1522 | D:2      | Noticed Natasha
  1533 | D:2      | Killed Natasha
  1794 | D:3      | Reached XP level 6. HP: 53/53 MP: 8/8
  1921 | D:3      | Found a snail-covered altar of Cheibriados.
  2070 | D:3      | Noticed a phantom
  2119 | D:3      | Killed a phantom
  2119 | D:3      | Reached skill level 5 in Polearms
  2567 | D:3      | Found a faded altar of an unknown god.
  2650 | D:4      | Reached XP level 7. HP: 52/59 MP: 10/10
  3182 | D:4      | Reached XP level 8. HP: 64/67 MP: 12/12
  3273 | D:4      | Found Atixkick's Magic Scroll Emporium.
  3282 | D:4      | Bought a scroll of identify for 24 gold pieces
  3282 | D:4      | Bought a scroll of identify for 24 gold pieces
  3856 | D:5      | Entered Level 5 of the Dungeon
  3937 | D:5      | You fall into a shaft and drop 3 floors!
  3950 | D:8      | Noticed a hippogriff
  4004 | D:8      | Noticed Joseph
  4005 | D:8      | Killed a hippogriff
  4031 | D:8      | Killed Joseph
  4031 | D:8      | Reached XP level 9. HP: 24/73 MP: 14/14
  4220 | D:8      | Found a shimmering blue altar of Sif Muna.
  4250 | D:8      | Found a shimmering altar of Xom.
  4250 | D:8      | Found a shimmering altar of Xom.
  4250 | D:8      | Found a shimmering altar of Xom.
  4254 | D:8      | Found a shimmering altar of Xom.
  4254 | D:8      | Found a shimmering altar of Xom.
  4254 | D:8      | Found a shimmering altar of Xom.
  4305 | D:8      | Noticed a two-headed ogre
  4317 | D:8      | Noticed Gastronok
  4825 | D:6      | Found a sand-covered staircase.
  4831 | Ossuary  | Entered an ossuary
  5231 | D:6      | Noticed Sigmund
  5256 | D:6      | Killed Sigmund
  5256 | D:6      | Reached skill level 5 in Invocations
  5777 | D:7      | Reached XP level 10. HP: 59/80 MP: 15/17
  6808 | D:7      | Reached skill level 5 in Short Blades
  6808 | D:7      | Reached skill level 5 in Long Blades
  6808 | D:7      | Reached skill level 5 in Axes
  6808 | D:7      | Reached skill level 5 in Maces & Flails
  6808 | D:7      | Reached skill level 5 in Staves
  6808 | D:7      | Reached skill level 5 in Slings
  6808 | D:7      | Reached skill level 5 in Bows
  6808 | D:7      | Reached skill level 5 in Crossbows
  6808 | D:7      | Reached skill level 5 in Throwing
  6808 | D:7      | Reached skill level 5 in Dodging
  6808 | D:7      | Reached skill level 5 in Stealth
  6808 | D:7      | Reached skill level 5 in Unarmed Combat
  6808 | D:7      | Reached skill level 5 in Spellcasting
  6808 | D:7      | Reached skill level 5 in Evocations
  7041 | D:7      | Killed from afar by an electric eel

Levels and vault maps discovered:
D:1:      lemuel_arrival_lava_pool, layout_basic
D:2:      layout_basic, cheibrodos_gnoll_hut, uniq_natasha
D:3:      layout_rooms, lemuel_crystal_altar, chequers_ecumenical_altar_lobes,
          minivault_19, st_stairs_9
D:4:      layout_basic, serial_shops, shop, first_ration
D:5:      layout_loops_corners, minmay_temple_entry_slanted
D:6:      layout_basic, gup_ossuary_entry_pyramid, minmay_statues_item,
          due_unseen_surprise, uniq_sigmund
D:7:      kb_forest_paths, layout_basic, serial_bayou_pond_e, the_bakery,
          serial_bayou_lake_a
D:8:      layout_rooms, nicolae_overflow_crystal_walls, xom_redecorated,
          uniq_joseph, uniq_gastronok

Skill      XL: |  1  2  3  4  5  6  7  8  9 10 |
---------------+-------------------------------+-----
Invocations    | 1 2 3 4 5 |  5.5
Short Blades   | 1 2 3 4 5 |  5.0
Long Blades    | 1 2 3 4 5 |  5.0
Axes           | 1 2 3 4 5 |  5.0
Maces & Flails | 1 2 3 4 5 |  5.0
Staves         | 1 2 3 4 5 |  5.0
Slings         | 1 2 3 4 5 |  5.0
Bows           | 1 2 3 4 5 |  5.0
Crossbows      | 1 2 3 4 5 |  5.0
Throwing       | 1 2 3 4 5 |  5.0
Dodging        | 1 2 3 4 5 |  5.0
Stealth        | 1 2 3 4 5 |  5.0
Unarmed Combat | 1 2 3 4 5 |  5.0
Spellcasting   | 1 2 3 4 5 |  5.0
Evocations     | 1 2 3 4 5 |  5.0
Conjurations   | 1 2 3 4 |  4.1
Hexes          | 1 2 3 4 |  4.1
Charms         | 1 2 3 4 |  4.1
Summonings     | 1 2 3 4 |  4.1
Necromancy     | 1 2 3 4 |  4.1
Translocations | 1 2 3 4 |  4.1
Transmutations | 1 2 3 4 |  4.1
Fire Magic     | 1 2 3 4 |  4.1
Ice Magic      | 1 2 3 4 |  4.1
Air Magic      | 1 2 3 4 |  4.1
Earth Magic    | 1 2 3 4 |  4.1
Poison Magic   | 1 2 3 4 |  4.1
Polearms       | 5 6 |  6.9
Fighting       | 7 8 |  8.3
Armour         | 7 8 |  8.3
Shields        | 7 8 |  8.3

Action                   |  1- 3 |  4- 6 |  7- 9 | 10-12 || total
-------------------------+-------+-------+-------+-------++-------
Melee: Trident           |    79 |    13 |       |       ||    92
       Bite              |     4 |    18 |    65 |    10 ||    97
       Mace              |       |   190 |   475 |   103 ||   768
Throw: Boomerang         |       |       |       |    10 ||    10
  Use: Potion            |       |     2 |     5 |     2 ||     9
       Scroll            |       |       |    10 |     1 ||    11
  Eat: Chunk             |       |     5 |    11 |       ||    16
       Ration            |       |       |     2 |     1 ||     3
Armor: Scale mail        |     7 |       |       |       ||     7
       Plate armour      |    16 |   129 |   278 |    81 ||   504
Dodge: Dodged            |     7 |    43 |   124 |    52 ||   226
Block: Kite shield       |    24 |   124 |   307 |    95 ||   550

Table legend:
 A = Non-vault XP
 B = Vault XP
 C = Vault XP percentage of total XP
 D = Non-vault monster count
 E = Vault monster count
 F = Vault count percentage of total count
                 A         B        C        D         E       F
            +---------+---------+-------+---------+---------+-------
      Total |    4029 |    1863 |  31.6 |     182 |      55 |  23.2
            +---------+---------+-------+---------+---------+-------
        D:1 |      67 |       0 |   0.0 |      28 |       0 |   0.0
        D:2 |     134 |      54 |  28.7 |      19 |       4 |  17.4
        D:3 |     339 |       9 |   2.6 |      41 |       4 |   8.9
        D:4 |     808 |       0 |   0.0 |      26 |       0 |   0.0
        D:5 |      59 |       0 |   0.0 |       3 |       0 |   0.0
        D:6 |     537 |     249 |  31.7 |      18 |       2 |  10.0
        D:7 |    1140 |     627 |  35.5 |      27 |       6 |  18.2
        D:8 |     945 |     460 |  32.7 |      20 |       1 |   4.8
    Ossuary |       0 |     464 | 100.0 |       0 |      38 | 100.0
            +---------+---------+-------+---------+---------+-------
